 Dungeon Crawl Stone Soup version 0.20.1-1-g8b1a95d (webtiles) character file.

170 Gargoyl the Skirmisher (level 5, 0/47 HPs)
             Began as a Minotaur Abyssal Knight on Aug 25, 2017.
             Was a Believer of Lugonu.
             Slain by an ogre
             ... wielding a +0 giant club
              (24 damage)
             ... on level 4 of the Dungeon.
             The game lasted 00:05:05 (3272 turns).

Gargoyl the Skirmisher (Minotaur Abyssal Knight)    Turns: 3272, Time: 00:05:05

Health: 0/47       AC: 10    Str: 17    XL:     5   Next: 25%
Magic:  6/6        EV:  7    Int:  9    God:    Lugonu [**....]
Gold:   148        SH:  0    Dex: 10    Spells: 4/4 levels left

rFire    . . .     SeeInvis .   a - +1 hand axe
rCold    . . .     Gourm    .   (no shield)
rNeg     . . .     Faith    .   s - +0 chain mail
rPois    .         Spirit   .   (helmet restricted)
rElec    .         Reflect  .   (no cloak)
rCorr    .         Harm     .   d - +0 pair of gloves
MR       .....                  (no boots)
Stlth    ..........             (no amulet)
Regen    0.2/turn               (no ring)
MPRegen  0.1/turn               (no ring)

@: no status effects
A: retaliatory headbutt, horns 2
a: Depart the Abyss, Bend Space, Renounce Religion


You were on level 4 of the Dungeon.
You worshipped Lugonu.
Lugonu was pleased with you.
You were not hungry.

You visited 1 branch of the dungeon, and saw 4 of its levels.
You visited the Abyss 1 time.

You collected 148 gold pieces.

Inventory:

Hand Weapons
 a - a +1 hand axe (weapon)
Missiles
 o - 5 tomahawks (quivered)
Armour
 d - a +0 pair of gloves (worn)
 s - a +0 chain mail (worn)
Jewellery
 n - an uncursed amulet of faith {unknown}
Scrolls
 m - 5 scrolls of identify
 q - 4 scrolls of teleportation
 r - a scroll of random uselessness {unknown}
 t - a scroll of enchant weapon {unknown}
 u - a scroll of magic mapping
Potions
 b - a potion of invisibility {unknown}
 e - a potion of ambrosia
 g - a potion of agility {unknown}
 i - 3 potions of heal wounds {unknown}
 j - a potion of degeneration {unknown}
 k - a potion of magic {unknown}
 l - 2 potions of flight
 p - a potion of curing {unknown}
Comestibles
 c - a bread ration
 f - 3 meat rations
 h - a fruit
 v - 2 chunks of flesh


   Skills:
 + Level 4.4 Fighting
 + Level 3.9 Axes
 * Level 3.4 Armour
 + Level 2.1 Dodging
 * Level 3.1 Invocations


You had 4 spell levels left.
You didn't know any spells.

Dungeon Overview and Level Annotations

Branches:
Dungeon (4/15)
 Temple: D:4-7

Altars:

Annotations:
D:4 Pikel


Innate Abilities, Weirdness & Mutations

You reflexively headbutt those who attack you in melee.
You have a pair of horns on your head.


Message History

Unknown command.
The slave hits you. The slave barely misses you.
You open the door. The slave hits you but does no damage.
The slave barely misses you.
There is an open door here.
You hit the ogre. Your headbutt misses the ogre.
The ogre is lightly wounded.
The ogre hits you with a giant club!
Your chain mail prevents you from hitting the ogre.
The ogre is lightly wounded.
The ogre hits you but does no damage.
You hit the ogre.
The ogre is lightly wounded.
The ogre barely misses you. You furiously retaliate!
You headbutt the ogre! You completely miss the ogre.
The ogre is heavily wounded.
The ogre hits you with a giant club!!
Ouch! That really hurt!
You die...

#........#
....pK..
##'#######
..$.....
#.#
........
#p#
..).....
#p#
.>......
#K#
........
#p#
.######.
#O# #. #@#
#.# #.#
#.# #.#
#.# #..
.### ...
.... ####


You could see Pikel, an ogre and 3 slaves.

Vanquished Creatures
  2 orc wizards
  2 adders (D:2)
  An ooze (D:2)
  4 worms
  2 dart slugs (D:1)
  A leopard gecko (D:1)
  9 orcs
  11 bats
  3 giant cockroaches
  3 goblins
  8 hobgoblins
  2 jackals (D:2)
  4 kobolds
  A quokka (D:3)
  A ball python (D:2)
  3 frilled lizards
  5 rats
62 creatures vanquished.

Notes
Turn   | Place    | Note
-------+----------+-------------------------------------------
     0 | Abyss:1  | Gargoyl the Minotaur Abyssal Knight began the quest for the Orb.
     0 | Abyss:1  | Reached XP level 1. HP: 19/19 MP: 1/1
     3 | Abyss:1  | Found a corrupted altar of Lugonu.
    68 | Abyss:2  | Noticed a freezing wraith
    74 | D:1      | Escaped the Abyss
   141 | D:1      | Reached * piety under Lugonu
   622 | D:1      | Reached XP level 2. HP: 27/27 MP: 2/2
   717 | D:1      | Reached skill level 4 in Fighting
  1241 | D:1      | Reached XP level 3. HP: 33/33 MP: 3/3
  2078 | D:2      | Reached XP level 4. HP: 35/41 MP: 4/4
  2174 | D:2      | You fall through a shaft!
  2487 | D:3      | Reached ** piety under Lugonu
  3091 | D:4      | Reached XP level 5. HP: 40/47 MP: 6/6
  3222 | D:4      | Noticed a slave
  3223 | D:4      | Noticed Pikel
  3223 | D:4      | Noticed a slave
  3223 | D:4      | Noticed a slave
  3223 | D:4      | Noticed an ogre
  3224 | D:4      | Noticed a slave
  3272 | D:4      | Slain by an ogre

Skill      XL: |  1  2  3  4  5 |
---------------+----------------+-----
Invocations    | 2 3 |  3.1
Fighting       | 4 |  4.4
Axes           | 3 |  3.9
Armour         | 3 |  3.4
Dodging        | 2 |  2.1

Action                   |  1- 3 |  4- 6 || total
-------------------------+-------+-------++-------
Melee: Hand axe          |    72 |    83 ||   155
       Headbutt          |    10 |    10 ||    20
Invok: Depart the Abyss  |     1 |       ||     1
  Use: Potion            |     3 |       ||     3
       Scroll            |     3 |     3 ||     6
  Eat: Chunk             |     4 |     3 ||     7
Armor: Leather armour    |    55 |    12 ||    67
       Chain mail        |       |    17 ||    17
Dodge: Dodged            |    68 |    48 ||   116
